 Dungeon Crawl Stone Soup version 0.29-a0-555-g3b24f45 (webtiles) character file.

Game seed: 16672027405837964542

52 Illumine the Cudgeller (level 3, -4/39 HPs)
             Began as an Ogre Cinder Acolyte on June 7, 2022.
             Was an Initiate of the Shining One.
             Slain by a fire elemental (13 damage)
             ... created by the fiery vengeance of Ignis
             ... on level 2 of the Dungeon.
             The game lasted 00:01:41 (1968 turns).

Illumine the Cudgeller (Ogre Cinder Acolyte)        Turns: 1968, Time: 00:01:42

Health: -4/39      AC:  3    Str: 20    XL:     3   Next: 85%
Magic:  4/4        EV:  9    Int: 15    God:    the Shining One [......]
Gold:   128        SH:  0    Dex:  4    Spells: 1/4 levels left

rFire   . . .      SeeInvis .   a - -1 mace (flame)
rCold   . . .      Faith    .   (no shield)
rNeg    . . .      Spirit   .   b - +0 robe
rPois   .          Reflect  .   (helmet restricted)
rElec   .          Harm     .   (no cloak)
rCorr   .          Rampage  .   (gloves unavailable)
Will    .....                   (boots unavailable)
Stlth   +.........              (no amulet)
HPRegen 0.13/turn               (no ring)
MPRegen 0.09/turn               (no ring)

@: glowing, fire susceptible
A: large, unfitting armour, tough skin 1
a: Renounce Religion


You were on level 2 of the Dungeon.
You worshipped the Shining One.
The Shining One was noncommittal.
You visited 1 branch of the dungeon, and saw 2 of its levels.

You collected 128 gold pieces.

Inventory:

Hand Weapons
 a - a -1 mace of flaming (weapon)
 c - a +0 hunting sling of flaming
Armour
 b - a +0 robe (worn)
Scrolls
 d - a scroll of teleportation {unknown}
 e - a scroll of noise {unknown}
 f - 2 scrolls of fog
 g - a scroll of blinking {unknown}
 i - a scroll of enchant weapon {unknown}
 j - a scroll of identify {unknown}
 k - a scroll of poison {unknown}
Potions
 h - a potion of might {unknown}


   Skills:
 - Level 4.0 Fighting
 + Level 4.2 Maces & Flails
 - Level 1.2 Spellcasting
 - Level 2.6 Fire Magic


You had one spell level left.
You knew the following spells:

 Your Spells              Type           Power      Damage    Failure   Level
a - Scorch                Fire           16%        2d6       12%         2
b - Apportation           Tloc           0%         N/A       24%         1

Your spell library contained the following spells:

 Spells                   Type           Power      Damage    Failure   Level
 Poisonous Vapours        Pois/Air       0%         N/A       36%         2
 Corpse Rot               Necr/Pois/Air  0%         N/A       94%         4
 Alistair's Intoxication  Tmut/Pois      0%         N/A       100%        5


Dungeon Overview and Level Annotations

Branches:
Dungeon (2/15)

Altars:
The Shining One


Innate Abilities, Weirdness & Mutations

You are too large for most types of armour.
You have tough skin. (AC +1)


Message History

The adder poisons you!
You closely miss the adder.
You feel sick. The adder barely misses you. The adder bites you.
You are more poisoned.
The adder poisons you!
You closely miss the adder.
You feel sick. The adder barely misses you.
You closely miss the adder.
You feel sick. The adder bites you but does no damage.
The adder closely misses you.
You barely miss the adder.
You feel sick. The adder misses you.
You barely miss the adder.
You feel sick. The adder closely misses you.
The adder bites you but does no damage.
You miss the adder.
You feel sick. The adder bites you but does no damage.
You sock the adder! You burn the adder.
You kill the adder!
You feel sick.
You are no longer poisoned.
There is an open door, spattered with blood here.
You see here an adder corpse.
You start resting. "Attack, my last stalwart servants!" 2 fire elementals come into view.
The fire elemental moves out of view.
You close the door, pushing everything out of the way.
You start resting. "Betrayer!
Apostate!
Perish!" 2 fire elementals come into view.
You open the door. You miss the fire elemental. The fire elemental hits you.
The fire elemental burns you!
The fire elemental barely misses you. x2
The fire elemental hits you. The fire elemental burns you!
* * * LOW HITPOINT WARNING * * *
Unknown command.
Okay, then.
Okay, then.
Unknown command.
Unknown command.
As you read the scroll labelled GATUCA BYTRI, it crumbles to dust.
The scroll dissolves into smoke.
It was a scroll of fog.
The fire elemental hits you. The fire elemental burns you!
You die...

### #.# #.#####
#########.....#
..............#
#########.....#
#.######## #.#####E§#
#.....#E@#
#.#####E####+##
#########.#...§§.......
..........'.....E......
#########.#............
....#####.#...#+####+##
..........#####
....###########
.#######......#


You could see 3 fire elementals.

Vanquished Creatures
  2 adders (D:2)
  A dart slug (D:1)
  An endoplasm (D:1)
  A giant cockroach (D:1)
  2 goblins
  A hobgoblin (D:2)
  2 jackals (D:1)
  2 quokkas (D:1)
  2 ball pythons (D:1)
  5 bats
  8 frilled lizards (D:1)
  6 kobolds
  A rat (D:2)
34 creatures vanquished.

Notes
Turn   | Place    | Note
-------+----------+-------------------------------------------
     0 | D:1      | Illumine the Ogre Cinder Acolyte began the quest for the
                  | Orb.
     0 | D:1      | Reached XP level 1. HP: 24/24 MP: 2/2
   222 | D:1      | Reached XP level 2. HP: 32/32 MP: 3/3
   910 | D:1      | Reached XP level 3. HP: 39/39 MP: 4/4
   915 | D:1      | Found a faded altar of an unknown god.
  1333 | D:1      | Learned a level 2 spell: Scorch
  1335 | D:1      | Learned a level 1 spell: Apportation
  1365 | D:2      | Found a glowing golden altar of the Shining One.
  1511 | D:2      | Fell from the grace of Ignis
  1511 | D:2      | Became a worshipper of the Shining One
  1923 | D:2      | Noticed a fire elemental
  1923 | D:2      | Noticed a fire elemental
  1966 | D:2      | Noticed a fire elemental
  1966 | D:2      | Noticed a fire elemental
  1968 | D:2      | Slain by a fire elemental

Illustrated notes

Levels and vault maps discovered:
D:1:      eino_arrival_druids_welcome, layout_basic,
          dreamdust_ecumenical_altar_angels_and_demons, glass_columns_a,
          nrook_loot_triangle, minmay_lizard_pond
D:2:      layout_basic, basic_altar, minmay_snake_closets

Skill      XL: |  1  2  3 |
---------------+----------+-----
Maces & Flails | 3 4 |  4.2
Fighting       | |  4.0
Spellcasting   | |  1.2
Fire Magic     | |  2.6

Action                   || total
-------------------------++-------
Melee: Mace              ||    92
       Punch             ||     2
 Cast: Scorch            ||     1
Invok: Fiery Armour      ||     1
  Use: Scroll            ||     1
Armor: Robe              ||    35
Dodge: Dodged            ||    61

Table legend: (Time is in decaauts)
 A = Elapsed time spent in this place.
 B = Non-inter-level travel time spent in this place.
 C = Inter-level travel time spent in this place.
 D = Time resting spent in this place.
 E = Time spent auto-exploring this place.
 F = Levels seen in this place.
 G = Mean time per level.
                   A        B        C        D        E       F      G
               +--------+--------+--------+--------+--------+-----+--------+
         Total |   1988 |   1959 |     29 |    193 |   1454 |   2 |  994.0 |
       Dungeon |   1988 |   1959 |     29 |    193 |   1454 |   2 |  994.0 |
               +--------+--------+--------+--------+--------+-----+--------+

Top non-repeatable levels by time:
     D:1: 1380 daAuts
     D:2: 608 daAuts
